 Dungeon Crawl Stone Soup version 0.27.0-1-g7a089689b8 (webtiles) character file.

Game seed: 13358590685186062335

224 ZombieSheep the Shield-Bearer (level 5, -1/47 HPs)
             Began as a Minotaur Fighter on Aug 4, 2021.
             Slain by a gnoll (10 damage)
             ... on level 3 of the Dungeon.
             The game lasted 00:04:38 (2955 turns).

ZombieSheep the Shield-Bearer (Minotaur Fighter)    Turns: 2955, Time: 00:04:39

Health: -1/47      AC:  7    Str: 20    XL:     5   Next: 67%
Magic:  4/4        EV:  8    Int:  5    God:
Gold:   86         SH:  9    Dex: 11    Spells: 4/4 levels left

rFire    . . .     SeeInvis .   a - +0 war axe
rCold    . . .     Faith    .   c - +0 kite shield
rNeg     . . .     Spirit   .   b - +0 scale mail
rPois    .         Reflect  .   (helmet restricted)
rElec    .         Harm     .   (no cloak)
rCorr    .         Rampage  .   (no gloves)
Will     .....                  (no boots)
Stlth    ..........             (no amulet)
HPRegen  0.15/turn              (no ring)
MPRegen  0.09/turn              (no ring)

@: no status effects
A: horns 2, retaliatory headbutt
a: no special abilities


You were on level 3 of the Dungeon.
You visited 1 branch of the dungeon, and saw 3 of its levels.

You collected 86 gold pieces.

Inventory:

Hand Weapons
 a - a +0 war axe (weapon)
Armour
 b - a +0 scale mail (worn)
 c - a +0 kite shield (worn)
Wands
 o - a wand of paralysis (5)
Scrolls
 g - a scroll of torment {unknown}
 h - 3 scrolls of teleportation
 j - a scroll of magic mapping
 k - a scroll of identify
Potions
 d - a potion of might
 e - a potion of haste
 f - a potion of flight
 i - a potion of resistance
 l - 2 potions of heal wounds {unknown}
 m - a potion of invisibility {unknown}
 n - 2 potions of brilliance {unknown}


   Skills:
 + Level 4.7 Fighting
 + Level 3.7 Axes
 + Level 4.7 Armour
 + Level 2.4 Dodging
 + Level 4.8 Shields


You had 4 spell levels left.
You didn't know any spells.
Your spell library contained the following spells:

 Spells                   Type           Power      Damage    Failure   Level
 Leda's Liquefaction      Hex/Erth       0%         N/A       100%        4
 Bolt of Magma            Conj/Fire/Erth 0%         4d4       100%        5
 Statue Form              Tmut/Erth      0%         N/A       100%        6


Dungeon Overview and Level Annotations

Branches:
Dungeon (3/15)

Altars:
Ashenzari
Zin
The Shining One


Innate Abilities, Weirdness & Mutations

You have a pair of horns on your head.
You reflexively headbutt those who attack you in melee.


Message History

You are no longer glowing.
You start resting.
Your extra speed is starting to run out.
You start resting.
You feel yourself slow down.
You start resting.
HP restored.
You climb downwards.
There is a stone staircase leading up here.
A gnoll shaman is nearby!
You slash the gnoll shaman!
The gnoll shaman is moderately wounded.
The gnoll shaman barely misses you.
You hit the gnoll shaman.
The gnoll shaman is heavily wounded.
The gnoll shaman hits you with a +0 whip.
You slash the gnoll shaman!
The gnoll shaman is almost dead.
The gnoll barely misses you.
The gnoll shaman hits you with a +0 whip!
The gnoll hits you from afar with a +0 halberd!
You are too injured to fight recklessly!
You hit the gnoll shaman but do no damage.
The gnoll shaman is almost dead.
The gnoll shaman closely misses you. You furiously retaliate!
You headbutt the gnoll shaman, but do no damage.
The gnoll hits you from afar with a +0 halberd!
* * * LOW HITPOINT WARNING * * *
The gnoll shaman hits you with a +0 whip.
* * * LOW HITPOINT WARNING * * *
You slash the gnoll shaman!
You kill the gnoll shaman!
You block the gnoll's attack. x2
The gnoll hits you from afar with a +0 halberd.
* * * LOW HITPOINT WARNING * * *
Things that are here:
a +0 whip; a +0 robe; a gnoll corpse
There is a stone staircase leading up here.
The gnoll hits you from afar with a +0 halberd!
You die...

.......# #...# .......#
#...## .......# +....#
.####### #....#
############# >########
####.###............
........
#......#########.
........ ###)g##..# #.
#####.#########.....#..#
#.
#####.........'.@...#..#
#.
..........#####.....#..#
#.
....................#..#
#.
..........#######.#.#..#
#.
.......<..+.........#..#
#.
..........###########..##
#. ...##+##+##
#........########. ...#
#.####............ ...#
#.# #############


You could see a gnoll.

Vanquished Creatures
  A gnoll shaman (D:3)
  A scorpion zombie (D:3)
  Robin (D:3)
  4 gnolls
  3 adders
  An adder skeleton (D:2)
  A worm (D:2)
  3 dart slugs
  2 orcs (D:3)
  3 endoplasms
  3 giant cockroaches
  10 goblins (D:3)
  10 hobgoblins
  6 jackals (D:2)
  4 quokkas
  6 ball pythons
  7 bats
  5 frilled lizards
  4 kobolds
  4 rats
79 creatures vanquished.

Notes
Turn   | Place    | Note
-------+----------+-------------------------------------------
     0 | D:1      | ZombieSheep the Minotaur Fighter began the quest for the
                  | Orb.
     0 | D:1      | Reached XP level 1. HP: 19/19 MP: 0/0
   408 | D:1      | Reached XP level 2. HP: 27/27 MP: 1/1
   444 | D:1      | Found a faded altar of an unknown god.
   792 | D:1      | Reached skill level 1 in Dodging
  1056 | D:2      | Reached XP level 3. HP: 22/33 MP: 2/2
  1487 | D:2      | Reached XP level 4. HP: 37/40 MP: 3/3
  2058 | D:3      | Noticed Robin
  2097 | D:3      | Reached XP level 5. HP: 38/47 MP: 4/4
  2173 | D:3      | Killed Robin
  2550 | D:3      | Found a glowing silver altar of Zin.
  2550 | D:3      | Found a broken altar of Ashenzari.
  2551 | D:3      | Found a glowing golden altar of the Shining One.
  2955 | D:3      | Slain by a gnoll

Illustrated notes

Levels and vault maps discovered:
D:1:      nicolae_arrival_washed_ashore, layout_basic,
          shapermc_ecumenical_altar_mp_highgroup, minmay_misc_feat_tiny,
          roderic_filled_cross
D:2:      layout_basic, chequers_serial_rivers_marsh, minmay_tetromino_i4
D:3:      layout_basic, gammafunk_temple_overflow_claw, uniq_robin

Skill      XL: |  1  2  3  4 |
---------------+-------------+-----
Dodging        | 1 2 |  2.4
Fighting       | 4 |  4.7
Armour         | 4 |  4.7
Shields        | 4 |  4.8
Axes           | 3 |  3.7

Action                   |  1- 3 |  4- 6 || total
-------------------------+-------+-------++-------
Melee: War axe           |    70 |   111 ||   181
       Headbutt          |    10 |    15 ||    25
  Use: Scroll            |     2 |     4 ||     6
       Potion            |       |     1 ||     1
Armor: Scale mail        |    26 |    43 ||    69
Dodge: Dodged            |    18 |    49 ||    67
Block: Kite shield       |    36 |    64 ||   100
